 Dungeon Sprint DCSS version 0.26-a0-658-gbdda728c12 (webtiles) character file.

Game seed: 9809153794026115314

4011 Baz the Grappler (level 10, -1/115 HPs)
             Began as a Troll Berserker on Oct 5, 2020.
             Was a High Priest of Trog.
             Shot with an arrow by a spriggan rider (29 damage)
             ... in the Dungeon (Sprint IV: "Fedhas' Mad Dash").
             The game lasted 00:04:33 (1252 turns).

Baz the Grappler (Troll Berserker)                  Turns: 1252, Time: 00:04:34

Health: -1/115     AC:  6    Str: 27    XL:     10   Next: 3%
Magic:  9/9        EV: 16    Int:  3    God:    Trog [*****.]
Gold:   131        SH:  0    Dex: 12    Spells: 9/9 levels left

rFire    . . .     SeeInvis .     - Unarmed
rCold    . . .     Faith    .   (no shield)
rNeg     . . .     Spirit   .   a - +0 animal skin
rPois    .         Reflect  .   (helmet restricted)
rElec    .         Harm     .   (no cloak)
rCorr    .         Rampage  .   (gloves unavailable)
MR       .....     NoTele   +   (boots unavailable)
Stlth    +.........             k - amulet of invisibility {+Inv}
HPRegen  0.69/turn              (no ring)
MPRegen  0.11/turn              (no ring)

@: no status effects
A: large, unfitting armour, claws 3, regeneration 1, shaggy fur 1, tough skin 3
a: Berserk, Trog's Hand, Brothers in Arms, Renounce Religion, Evoke Invisibility


You were in the Dungeon.
You worshipped Trog.
Trog was extremely pleased with you.
You visited 1 branch You collected 194 gold pieces.
You spent 63 gold pieces at shops.

Inventory:

Armour
 a - a +0 animal skin (worn)
 m - a +0 cloak
Jewellery
 k - the amulet of invisibility (around neck) {+Inv}
   (You found it in the Dungeon)

   [amulet of nothing]

   It lets you turn invisible.
 o - the amulet of Joy {Acrobat Str+2}
   (You found it in the Dungeon)

   [amulet of the acrobat]

   It helps you evade while moving and waiting.
   It affects your strength (+2).
Wands
 l - a wand of iceblast (8)
Scrolls
 g - a scroll of blinking
 h - 2 scrolls of remove curse {unknown}
 i - a scroll of magic mapping {unknown}
 j - a scroll of fear {unknown}
 n - a scroll of identify {unknown}
 p - a scroll of enchant armour {unknown}
Potions
 b - a potion of curing
 c - a potion of heal wounds
 d - a potion of haste
 e - 2 potions of magic
 f - a potion of berserk rage
 q - a potion of flight {unknown}


   Skills:
 + Level 11.7 Fighting
 + Level 11.6 Dodging
 + Level 13.5 Unarmed Combat


You had 9 spell levels left.
You didn't know any spells.
Your spell library was empty.

Dungeon Overview and Level Annotations

Branches:
Dungeon (1/1)

Altars:
Cheibriados
Dithmenos
Elyvilon
Gozag
Hepliaklqana
Kikubaaqudgha
Makhleb
Nemelex Xobeh
Okawaru
Qazlal
Ru
Sif Muna
Trog
Uskayaw
Vehumet
Wu Jian
Xom
Yredelemnul
Zin
The Shining One
Beogh
Jiyva
Lugonu

Shops:
D ((=[[?


Innate Abilities, Weirdness & Mutations

You are too large for most types of armour.
You have claws for hands.
Your natural rate of healing is unusually fast.
You are covered in fur. (AC +1)
You have extremely tough skin. (AC +3)


Message History

Your stone giant rages.
Your stone giant hits the bush!!
Your stone giant hits the bush!!!
The bush is destroyed!
Unknown command.
The spriggan rider shoots an arrow.
The arrow pierces through the bush!
Lightning courses through the bush!
The bush is destroyed!
The arrow pierces through your stone giant!
The arrow pierces through you!
* * * LOW HITPOINT WARNING * * *
Unknown command.
Unknown command.
Your stone giant hits the spriggan rider!
The spriggan rider shoots an arrow.
The arrow pierces through your stone giant!
Lightning courses through your stone giant!
Your stone giant dies!
Your stone giant's corpse disappears in a puff of smoke!
The arrow pierces through you!!
You die...

..#...##################
.######♣♣♣♣♣..♣[###.'..+
###..'......♣..♣##:.#..#
.....#♣..♣♣♣.♣).###)##)#
.....#.♣♣..♣...♣'...#♣)♣###
#######
#############.....#### .
###..♣..♣....#
....#####...♣......♣..
.i§.....@....♣.....∩.∩
..P...################
#####


You could see a spriggan rider.

Vanquished Creatures
  A spriggan druid (D)
  2 oklob plants (D)
  2 burning bushes (D)
  A queen bee (D)
  3 wandering mushrooms (D)
  2 scorpions (D)
  3 killer bees (D)
  5 oklob saplings (D)
  A worker ant (D)
  2 spriggans (D)
  A river rat (D)
  A rat (D)
24 creatures vanquished.

Vanquished Creatures (collateral kills)
  Agnes (D)
  A spriggan berserker (D)
  An oklob plant (D)
  A burning bush (D)
  A killer bee (D)
  A bush (D)
6 creatures vanquished.

Vanquished Creatures (others)
  A ballistomycete spore (D)
  A bush (D)
2 creatures vanquished.

Grand Total: 32 creatures vanquished

Notes
Turn   | Place    | Note
-------+----------+-------------------------------------------
     0 | D        | Baz the Troll Berserker began the quest for the Orb.
     0 | D        | Reached XP level 1. HP: 22/22 MP: 0/0
     6 | D        | Reached XP level 2. HP: 23/31 MP: 1/1
    19 | D        | Noticed an oklob sapling
    71 | D        | Killed an oklob sapling
    71 | D        | Reached ** piety under Trog
    71 | D        | Reached skill level 4 in Unarmed Combat
    71 | D        | Reached XP level 3. HP: 7/39 MP: 2/2
   133 | D        | Found the amulet of invisibility {+Inv}
   135 | D        | Reached skill level 5 in Unarmed Combat
   189 | D        | Noticed an oklob sapling
   194 | D        | Killed an oklob sapling
   194 | D        | Reached XP level 4. HP: 3/49 MP: 3/3
   281 | D        | Found an opulent altar of Gozag.
   281 | D        | Found a hazy altar of Hepliaklqana.
   281 | D        | Found a burning altar of Makhleb.
   281 | D        | Found a roughly hewn altar of Beogh.
   281 | D        | Found a sparkling altar of Nemelex Xobeh.
   281 | D        | Found a snail-covered altar of Cheibriados.
   281 | D        | Found a sacrificial altar of Ru.
   281 | D        | Found a shimmering blue altar of Sif Muna.
   281 | D        | Found a shimmering altar of Xom.
   281 | D        | Found a basalt altar of Yredelemnul.
   287 | D        | Found a viscous altar of Jiyva.
   287 | D        | Found a bloodstained altar of Trog.
   287 | D        | Found an ornate altar of the Wu Jian Council.
   288 | D        | Found an iron altar of Okawaru.
   288 | D        | Found a shadowy altar of Dithmenos.
   288 | D        | Found a glowing silver altar of Zin.
   289 | D        | Found an ancient bone altar of Kikubaaqudgha.
   289 | D        | Found a hide-covered altar of Uskayaw.
   290 | D        | Found a stormy altar of Qazlal.
   290 | D        | Found a white marble altar of Elyvilon.
   290 | D        | Found a glowing golden altar of the Shining One.
   291 | D        | Found a corrupted altar of Lugonu.
   291 | D        | Found a radiant altar of Vehumet.
   297 | D        | Reached skill level 5 in Fighting
   297 | D        | Reached skill level 5 in Dodging
   297 | D        | Reached skill level 6 in Unarmed Combat
   343 | D        | Reached *** piety under Trog
   343 | D        | Reached XP level 5. HP: 59/59 MP: 1/4
   355 | D        | Reached skill level 7 in Unarmed Combat
   357 | D        | Reached **** piety under Trog
   371 | D        | Found Duwn's Antique Weapon Shop.
   372 | D        | Found Gedetan's Weapon Emporium.
   378 | D        | Noticed a burning bush
   378 | D        | Noticed a wandering mushroom
   398 | D        | Killed a wandering mushroom
   398 | D        | Reached skill level 8 in Unarmed Combat
   398 | D        | Reached XP level 6. HP: 43/71 MP: 5/5
   443 | D        | Noticed a wandering mushroom
   456 | D        | Reached skill level 9 in Unarmed Combat
   559 | D        | Killed a burning bush
   559 | D        | Reached skill level 10 in Unarmed Combat
   559 | D        | Reached XP level 7. HP: 56/81 MP: 6/6
   600 | D        | Found Syskut's Magic Scroll Emporium.
   600 | D        | Found Muetomy's Armour Shoppe.
   605 | D        | Bought a +0 cloak for 63 gold pieces
   643 | D        | Noticed a queen bee
   651 | D        | Reached ***** piety under Trog
   663 | D        | Killed a queen bee
   665 | D        | Reached XP level 8. HP: 38/92 MP: 7/7
   681 | D        | Noticed an oklob plant
   687 | D        | Killed an oklob plant
   687 | D        | Reached skill level 11 in Unarmed Combat
   764 | D        | Noticed a burning bush
   769 | D        | Killed a burning bush
   782 | D        | Noticed a burning bush
   782 | D        | Noticed an oklob plant
   785 | D        | Killed a burning bush
   815 | D        | Noticed a wandering mushroom
   825 | D        | Killed an oklob plant
   825 | D        | Reached skill level 10 in Fighting
   825 | D        | Reached skill level 10 in Dodging
   825 | D        | Reached XP level 9. HP: 101/101 MP: 6/8
   834 | D        | Killed a wandering mushroom
   834 | D        | Reached skill level 12 in Unarmed Combat
   842 | D        | Got a sparkling bronze amulet
   853 | D        | Identified the amulet of Joy {Acrobat Str+2} (You found it
                  | in the Dungeon)
   869 | D        | Noticed a spriggan druid
   875 | D        | Killed a spriggan druid
  1106 | D        | Noticed an oklob plant conjurer
  1172 | D        | Killed an oklob plant conjurer
  1172 | D        | Received a gift from Trog
  1221 | D        | Noticed Agnes
  1228 | D        | Noticed a spriggan berserker
  1228 | D        | Killed Agnes
  1228 | D        | Reached skill level 13 in Unarmed Combat
  1230 | D        | Killed a spriggan berserker
  1230 | D        | Reached XP level 10. HP: 115/115 MP: 9/9
  1233 | D        | Found Jadirub's Jewellery Emporium.
  1235 | D        | Found Arow Tylo's Antique Armour Shoppe.
  1242 | D        | Noticed a spriggan rider
  1252 | D        | Shot with an arrow by a spriggan rider

Illustrated notes

Levels and vault maps discovered:
D:        dungeon_sprint_fedhas [sprint_temple]

Skill      XL: |  1  2  3  4  5  6  7  8  9 |
---------------+----------------------------+-----
Fighting       | 3 4 5 7 8 9 10 11 | 11.7
Dodging        | 3 4 5 7 8 9 10 11 | 11.6
Unarmed Combat | 4 5 6 8 10 11 13 | 13.5

Action                   |  1- 3 |  4- 6 |  7- 9 | 10-12 || total
-------------------------+-------+-------+-------+-------++-------
Melee: Unarmed           |    14 |    26 |    35 |       ||    75
       Punch             |       |     3 |     1 |       ||     4
Invok: Brothers in Arms  |       |       |     3 |       ||     3
       Trog's Hand       |       |       |     2 |       ||     2
       Berserk           |       |       |     1 |       ||     1
 Abil: Evoke Invisibilit |       |     2 |     2 |       ||     4
 Stab: Invisible         |       |       |     1 |       ||     1
Armor: Animal skin       |       |     2 |     2 |       ||     4
Dodge: Dodged            |     1 |    11 |    22 |     2 ||    36

Table legend: (Time is in decaauts)
 A = Elapsed time spent in this place.
 B = Non-inter-level travel time spent in this place.
 C = Inter-level travel time spent in this place.
 D = Time resting spent in this place.
 E = Time spent auto-exploring this place.
 F = Levels seen in this place.
 G = Mean time per level.
                   A        B        C        D        E       F      G
               +--------+--------+--------+--------+--------+-----+--------+
         Total |   1249 |   1249 |      0 |    792 |      0 |   1 | 1249.0 |
       Dungeon |   1249 |   1249 |      0 |    792 |      0 |   1 | 1249.0 |
               +--------+--------+--------+--------+--------+-----+--------+

Top non-repeatable levels by time:
       D: 1249 daAuts
